Cogmind - Beta 15 @@@ ROGUE MODE // 2025.05.12 @ 14:23:15 Player: szymekc Result: Smashed by cave-in Performance ------------- Evolutions (0) 0 Regions Visited (2) 400 Robots Destroyed (4) 20 Value Destroyed (26) 26 Prototype IDs (3) 60 Alien Tech Used (0) 0 Bonus (0) 0 TOTAL SCORE: 506 Bonus ------- None Cogmind --------- Core Integrity 0/250 Matter 264/300 Energy 32/100 System Corruption 16% Temperature Cool (0) Movement Treading (160) Location -10/Subcaves Parts ------- > --- POWER (1) -------- (None) > --- PROPULSION (2) --- Light Treads > --- UTILITY (2) ------ (None) > --- WEAPON (2) ------- Assault Rifle Mining Laser > --- INVENTORY (5) ---- High-capacity Storage Unit Seismic Detector Medium Laser Light Assault Rifle Peak State ------------ > --- POWER ------------ Ion Engine > --- PROPULSION ------- Light Treads Light Treads > --- UTILITY ---------- Improved Terrain Scanner Seismic Detector > --- WEAPON ----------- Assault Rifle Light Assault Rifle > --- INVENTORY -------- Seismic Detector [Rating: 9] Favorites ----------- Power Ion Engine Engine Ion Engine Propulsion Light Treads Treads Light Treads Utility Seismic Detector Device Seismic Detector Weapon Assault Rifle Ballistic Gun Assault Rifle Special Weapon Mining Laser Build | -11 -10 -10 ------- Run | Yrd Mat Sub Slots Evolved . | . . . Power . | . . . Propulsion . | . . . Utility . | . . . Weapon . | . . . Parts Attached 9 | 8 1 . Power 1 | 1 . . Engine 1 | 1 . . Core . | . . . Reactor . | . . . Propulsion 2 | 2 . . Treads 2 | 2 . . Leg . | . . . Wheel . | . . . Hover . | . . . Flight . | . . . Utility 3 | 3 . . Device 3 | 3 . . Storage . | . . . Processor . | . . . Hackware . | . . . Protection . | . . . Artifact . | . . . Weapon 3 | 2 1 . Energy Gun . | . . . Energy Cannon . | . . . Ballistic Gun 2 | 2 . . Ballistic Cannon . | . . . Launcher . | . . . Special Weapon 1 | . 1 . Impact Weapon . | . . . Slashing Weapon . | . . . Piercing Weapon . | . . . Special Melee Weapon . | . . . Unidentified Prototypes . | . . . Parts Lost 4 | . . 4 Power 1 | . . 1 Propulsion 1 | . . 1 Utility 2 | . . 2 Weapon . | . . . Highest Loss Streak 3 | . . 3 To Critical Strikes . | . . . Average Backups 2 | . 3 4 Power . | . . . Propulsion . | . . . Utility 1 | . 1 2 Weapon 1 | . 1 2 Tool/Special . | . . . Unused Backups 2 | . . 2 Power . | . . . Propulsion . | . . . Utility 1 | . . 1 Weapon 1 | . . 1 Tool/Special . | . . . Average Slot Usage (%) 97 | . 100 94 Engine 13 | . 14 12 Treads 27 | . 28 26 Device 26 | . 28 25 Ballistic Gun 23 | . 25 21 Special Weapon 4 | . 2 7 Peak Build Rating 9 | 9 9 9 Average Rating 8 | 5 9 8 On Entrance 6 | . 9 9 Naked Turns . | . . . Heaviest Build 10 | 10 10 10 Greatest Support 40 | 40 40 40 Greatest Overweight (x) . | . . . Average Overweight (x) . | . . . Largest Inventory Capacity 5 | 5 5 5 Average Capacity 5 | 5 5 5 Most Carried 4 | 2 4 4 Average Carried 2 | . 3 4 Final Capacity 5 | 5 5 5 Final Carried 4 | 2 4 4 Class Distribution -------------------- 100% | Mutant Dominant Class ---------------- Mutant | -10/Materials Mutant | -10/Subcaves Resources | -11 -10 -10 ----------- Run | Yrd Mat Sub Matter Collected 322 | 272 3 47 Remotely . | . . . Salvage Created 36 | 33 3 . Parts 8 | 8 . . Haulers Intercepted . | . . . Recyclers Shooed . | . . . Parts Field Recycled . | . . . Retrieved Matter . | . . . Parts Self-Destructed . | . . . Prevented . | . . . Kills | -11 -10 -10 ------- Run | Yrd Mat Sub Combat Hostiles Destroyed . | . . . Classes Destroyed 2 | 1 1 . Builder 1 | . 1 . Tunneler 3 | 3 . . Best Kill Streak 2 | 2 1 . Combat Bots Only . | . . . Max Kills in Single Turn 1 | 1 1 . Gunslinging . | . . . Exploded . | . . . Melee . | . . . Uniques/NPCs Destroyed . | . . . Combat | -11 -10 -10 -------- Run | Yrd Mat Sub Hostile Shots Fired . | . . . Missed . | . . . Hits . | . . . Damage Taken 697 | . . 697 Core 278 | . . 278 Absorbed by Shields . | . . . Core Remaining (%) 100 | 100 . . Volleys Fired 44 | 14 8 22 Largest 2 | 2 2 1 Hottest 100 | 40 100 100 Shots Fired 60 | 28 10 22 Gun 32 | 28 4 . Cannon . | . . . Launcher . | . . . Special 28 | . 6 22 Kinetic 32 | 28 4 . Thermal 28 | . 6 22 Explosive . | . . . Electromagnetic . | . . . Robot Hit Streak 9 | 9 5 . Robot Miss Streak 1 | 1 1 . Penetration Max . | . . . Secondary Targets . | . . . Shots Hit Robots 22 | 21 1 . Core Hits 5 | 5 . . Critical Kills . | . . . Critical Parts Destroyed . | . . . Critical Strikes . | . . . Melee Attacks . | . . . Impact . | . . . Slashing . | . . . Piercing . | . . . Sneak Attacks . | . . . Combat Hostiles . | . . . Follow-up Attacks . | . . . Damage Inflicted 262 | 244 18 . Guns 256 | 244 12 . Cannons . | . . . Explosions . | . . . Melee . | . . . Ramming 6 | . 6 . Kinetic 256 | 244 12 . Thermal . | . . . Explosive . | . . . Electromagnetic . | . . . Impact . | . . . Slashing . | . . . Piercing . | . . . Highest Corruption 15 | . 2 15 Average Corruption 3 | . 2 4 Corruption Purged . | . . . Corruption Blocked . | . . . Effects 6 | . 1 5 Message Errors 3 | . . 3 Matter Fused 1 | . 1 . Heat Flow Errors 1 | . . 1 Data Loss (major) 1 | . . 1 Overload Shots . | . . . Overflow Damage . | . . . Projectiles . | . . . Explosions . | . . . Melee . | . . . Knockbacks 1 | . 1 . Impact 1 | . 1 . Kinetic . | . . . Secondary . | . . . Self-Inflicted Damage . | . . . Shots . | . . . Rammed 1 | . 1 . Targets Rammed 2 | . 2 . Kicked . | . . . Crushed 1 | . 1 . Highest Temperature 229 | . 60 229 Average Temperature 39 | . 20 132 Received Heat Transfer . | . . . Siege Activations . | . . . Martial Activations . | . . . Shielding Activations . | . . . Robots Disrupted . | . . . Combat Hostiles . | . . . Robots Corrupted . | . . . Combat Hostiles . | . . . Parts Fried . | . . . Impact Corruptions . | . . . Robots Melted . | . . . Combat Hostiles . | . . . Parts Melted . | . . . Heat Transferred . | . . . Parts Sabotaged . | . . . Parts Stolen . | . . . Parts Stripped . | . . . Power Chain Reactions . | . . . Alert | -11 -10 -10 ------- Run | Yrd Mat Sub Maximum Alert Level . | . . . Low Security (%) 100 | 100 100 . Level 1 . | . . . Level 2 . | . . . Level 3 . | . . . Level 4 . | . . . Level 5 . | . . . High Security . | . . . Max Security . | . . . Peak Influence 10 | 10 5 . Initial . | . . . Average . | . . . Influence Increases 24 | 15 9 . Destroy 0b10 Robot/NC 20 | 15 5 . Destroy Structure 4 | . 4 . Influence Decreases 24 | 15 8 1 Entered New Map 1 | . . 1 Time Decay 23 | 15 8 . Squads Dispatched . | . . . Investigation . | . . . Extermination . | . . . Reinforcement . | . . . Assault . | . . . Garrison . | . . . Intercept . | . . . Searches Triggered . | . . . Construction Impeded . | . . . Haulers Reinforced . | . . . Active Scanning Responses . | . . . Cargo Convoy Interrupts . | . . . Stealth | -11 -10 -10 --------- Run | Yrd Mat Sub Distress Signals . | . . . Communications Jammed . | . . . Distress Signals . | . . . Times Spotted . | . . . Peak Tracking Total . | . . . Tactical Retreats . | . . . Traps | -11 -10 -10 ------- Run | Yrd Mat Sub Traps Triggered 1 | . 1 . Indirectly . | . . . Trap Hack Attempts . | . . . Triggered . | . . . Disarmed . | . . . Reprogrammed . | . . . Reused . | . . . Traps Extracted . | . . . Installed . | . . . Triggered . | . . . Machines | -11 -10 -10 ---------- Run | Yrd Mat Sub Machines Disabled . | . . . Max in Single Turn . | . . . Machines Repaired . | . . . Machines Dismantled . | . . . Machines Sabotaged . | . . . Overloaded Fab Kills . | . . . Hacking | -11 -10 -10 --------- Run | Yrd Mat Sub Machines Accessed 1 | . 1 . Terminals 1 | . 1 . Fabricators . | . . . Repair Stations . | . . . Recycling Units . | . . . Scanalyzers . | . . . Garrison Access . | . . . Total Hacks 3 | . 3 . Successful 1 | . 1 . Failed 2 | . 2 . Catastrophic . | . . . Database Lockouts . | . . . Manual 2 | . 2 . Terminals 3 | . 3 . Fabricators . | . . . Repair Stations . | . . . Recycling Units . | . . . Scanalyzers . | . . . Garrison Access . | . . . Terminal Hacks 1 | . 1 . Prototype ID Bank 1 | . 1 . Fabricator Hacks . | . . . Repair Station Hacks . | . . . Recycling Unit Hacks . | . . . Scanalyzer . | . . . Garrison Access Hacks . | . . . Unauthorized Hacks . | . . . Terminals . | . . . Fabricators . | . . . Repair Stations . | . . . Recycling Units . | . . . Scanalyzers . | . . . Garrison Access . | . . . Data Cores Recovered . | . . . Used . | . . . Hacking Detections 1 | . 1 . Full Trace Events . | . . . Feedback Events . | . . . Feedback Blocked . | . . . Robot Schematics Acquired . | . . . Robots Built . | . . . Authchips . | . . . Time . | . . . Total Robot Build Rating . | . . . Part Schematics Acquired . | . . . Parts Built . | . . . Authchips . | . . . Time . | . . . Total Part Build Rating . | . . . Parts Repaired . | . . . Time . | . . . Parts Recycled . | . . . Recycled Matter . | . . . Retrieved Matter . | . . . Retrieved Components . | . . . Parts Scanalyzed . | . . . Part Schematics Acquired . | . . . Parts Damaged . | . . . Bothacking | -11 -10 -10 ------------ Run | Yrd Mat Sub Used RIF Installer . | . . . Robots Hacked . | . . . Non-combat . | . . . Combat . | . . . Robot Hacks Applied . | . . . Relay Couplers Released . | . . . Fabnet Peak Effective % . | . . . Robots Rewired . | . . . Allies Hacked . | . . . Hacks Repelled . | . . . Allies | -11 -10 -10 -------- Run | Yrd Mat Sub Total Allies . | . . . Largest Group . | . . . Highest-Rated Group . | . . . Highest-Rated Ally . | . . . Total Orders . | . . . Ally Attacks . | . . . Total Damage . | . . . Kills . | . . . Allies Corrupted . | . . . Allies Melted . | . . . Intel | -11 -10 -10 ------- Run | Yrd Mat Sub Active Infowar (turns) 657 | 133 292 232 Terrain 597 | 73 292 232 Seismic 612 | 133 292 187 Robot Analysis Total . | . . . Derelict Logs Recovered . | . . . Drone Launches . | . . . Drone Recoveries . | . . . Exploration | -11 -10 -10 ------------- Run | Yrd Mat Sub Turns Passed 697 | 174 292 231 Spaces Moved 303 | 80 147 76 Core 5 | 5 . . Treads 298 | 75 147 76 Legs . | . . . Wheels . | . . . Hover . | . . . Flight . | . . . Fastest Speed 50 | 50 160 160 Average Speed 158 | 153 160 160 Slowest Speed 160 | 160 160 160 Overloaded Moves . | . . . Propulsion Burnouts . | . . . Robots Hopped . | . . . Potential Cave-ins 3 | . . 3 Cave-ins Triggered 3 | . . 3 Exploration Rate (%) 10 | 5 21 5 Regions Visited 2 Branch Regions 1 Pre-discovered Areas . | . . . Known Exits Taken . | . . . Unknown Exits Taken 2 | 1 1 . Scrap Searched . | . . . Spaces Dug 12 | . 3 9 Terrain Destroyed 15 | . 6 9 Melee . | . . . Projectile 15 | . 6 9 AOE . | . . . Terrain Rammed . | . . . Walls Destroyed . | . . . Machines Disabled . | . . . Actions | -11 -10 -10 --------- Run | Yrd Mat Sub Total 403 | 103 181 119 Wait 41 | . 22 19 Move 301 | 79 146 76 Hop . | . . . Pick Up 3 | 1 2 . Fast Attach 8 | 8 . . Attach . | . . . Detach 1 | 1 . . Swap 3 | . 1 2 Drop . | . . . Fire 44 | 14 8 22 Melee . | . . . Ram . | . . . Kick . | . . . Crush 2 | . 2 . Escape Stasis . | . . . Rewire . | . . . Trap . | . . . Miscellaneous . | . . . Route ------- -11/Scrapyard -10/Materials -10/Subcaves History --------- Turn | Location | Event 2 | -11/Scrapyard | Met Revision 17 9 | -11/Scrapyard | Discovered new exit (range 14) 175 | -11/Scrapyard | Entered Materials 309 | -10/Materials | Build established: Mutant 436 | -10/Materials | Discovered new exit (range 15) 467 | -10/Materials | Entered Subcaves 654 | -10/Subcaves | Crushed by falling debris 665 | -10/Subcaves | Crushed by falling debris 665 | -10/Subcaves | Core integrity fell below 50% 665 | -10/Subcaves | Core integrity fell below 20% 665 | -10/Subcaves | System corruption reached 10% 696 | -10/Subcaves | Lost 3 parts (1p1n1u) 699 | -10/Subcaves | Crushed by falling debris 699 | -10/Subcaves | Smashed by cave-in Last Messages --------------- 00536_ Acquired 13 matter. 00553_ System corrupted: Heat flow error (+269). 00586_ UI,/KB&FYLRBWC6KR7K1T RWMPHL1T 00619_ System corrupted: Substantial component data lost. 00653_ The unstable cave ceiling collapses. 00654_ Crushed by falling debris. 00654_ Seismic Detector destroyed. 00654_ System corrupted by crushing effect (+5). 00665_ The unstable cave ceiling collapses. 00665_ Crushed by falling debris. 00665_ Lgt. Treads destroyed. 00665_ System corrupted by crushing effect (+4). 00665_ Ion Engine destroyed. 00665_ System corrupted by crushing effect (+4). 00666_ 0&TVRAVUQKS9RECGCL|M:DDQXRYFWAV 00699_ The unstable cave ceiling collapses. 00699_ Crushed by falling debris. 00699_ Imp. Terrain Scanner destroyed. 00699_ System corrupted by crushing effect (+1). Map ----- +----------------------------------------------------+ | ?????????????????????????????????????????????????? | | ?????????????????????????????????????????????????? | | ?????????????????????????????????????????????????? | | ?????????????????????????????????????????????????? | | ?????????????????????????????????????????????????? | | ?????????????????????????????????????????????????? | | ?????????????????????????????????????????????????? | | ?????????????????????????????????????????????????? | | ?????????????????????????????????????????????????? | | ??????????????????????????#??????????????????????? | | ????????????????????????????? ???????????????????? | | ?????????????????????????????????????????????????? | | ???????????????????????????? ????????????????????? | | ????????????????????????????#??#?????????????????? | | ??????????????????????????? #?????? ?????????????? | | ??????????????#???#?????? ?? ##?? ??? ???????????? | | ?????????????#?????????#???? ???????#? ??????????? | | ????????????????????????????? ??????????????????? | | ?????????????????????##???? ????????????#?##?????? | | ???????????????????????????? ???? ??????????#????? | | ?????????????????#???????????? ?? ? ?? ???#??????? | | ????????????????#?#??????? ? ????#?? ??????#?????? | | ????????????????????#????#??? ??????? ??????#????? | | ????????????????????###?#??????????#?????????????? | | ?????????????????#?????############?????##???????? | | ???????????????????????# @ # ## #???????#???#???? | | ????????????????????##?######### #???????#?#?#???? | | ????????????????????##????? """# #### ?????#?????? | | ???????????????#????????? ???# # #? ????#???#? | | ???????????????????????????????# ##??##?????#?? | | ??????????????????????? ???? "?### ##??????????? | | ??????????????#??????????? ????## #???##?????? | | ????????????? ?????? ??????? ????# ####???????? | | ?????????????????????#?????? ??#?# ##?#?#???? | | ????????????????????#?????????"#### ##??????? | | ?????????????????????????????????### #???????? | | ??????????????????#???#???#??????#?## #????#??? | | ?????????????????????????####??#???## ##???????? | | ???????????????????????### ####### #?#??????? | | ???????????????????????# ##?????#?? | | ??????????????????????# #????????? | | ??????????????????????# ### #????#???? | | ??????????????????????## ????### #????????? | | ????????????????????????????#??# ##???????? | | ??????????????????????####??#### #???????? | | ?????????????????????## ??# ## #???????# | | ?????????????????????# ?# ######???????? | | ????????????????????? ?## ##?#?????????? | | ?????????????????????? ?## #####????#??? | | ??????????????????????? #?# ##????????? | +----------------------------------------------------+ Best States ------------- Heat Dissipation 25 Energy Generation 10 Energy Capacity 250 Matter Stores 259 Matter Capacity 300 Sight Range 16 Terrain Scan Range 16 Terrain Scan Density 10 Evasion (%) 40 Recoil Reduction 2 Item Schematics ----------------- None Robot Schematics ------------------ None Fabricated ------------ Nothing Repaired ---------- Nothing Alien Tech Used ----------------- None Achievements -------------- None Challenges ------------ None Game ------ Seed GatlingReflexBrace Manual? 0 Play Time 00:04:21 Cumulative 703.2 hours Start 2025.05.12 @ 14:20:03 End 2025.05.12 @ 14:23:15 Sessions 1 Manual Loads 0 Difficulty Rogue Special Mode None Game No. 235 Rogue 233 Adventurer 2 Explorer 0 Win Type - Total 38 Types 13/4/11/1/1/0/7/1/0/0 Lore% 94 Gallery% 91 Achievement% 82 Wizard Run 0 Options --------- Layout 0 ASCII 0 Keyboard 1 Movement Numpad Keybinds 0 Fullscreen 1 Font 24/Smallcaps Map View 76x50 Zoom Use 0% Tactical HUD 1 Map Filters NONE Filters NONE Steam 1 RUN: 762dd065-8d8e-4c28-922d-b8178527d49c